 Dungeon Crawl Stone Soup version 0.28-a0-239-g68911e0c57 (webtiles) character file.

Game seed: 4648515618524004008

1689 Froggeryz the Slicer (level 9, -4/56 HPs)
             Began as an Octopode Berserker on Aug 23, 2021.
             Was a Priest of Trog.
             Slain by Duvessa (9 damage)
             ... on level 5 of the Dungeon.
             The game lasted 00:04:53 (6145 turns).

Froggeryz the Slicer (Octopode Berserker)           Turns: 6145, Time: 00:04:54

Health: -4/56      AC:  1    Str: 17    XL:     9   Next: 2%
Magic:  9/9        EV: 14    Int:  9    God:    Trog [***...]
Gold:   204        SH:  0    Dex: 14    Spells: 8/8 levels left

rFire   . . .      SeeInvis .   a - +0 short sword
rCold   . . .      Faith    .   (no shield)
rNeg    . . .      Spirit   .   (helmet restricted)
rPois   .          Reflect  .   (no amulet)
rElec   .          Harm     .   l - ring of flight
rCorr   .          Rampage  .   (no ring)
Will    ++...                   (no ring)
Stlth   +++++.....              (no ring)
HPRegen 1.18/turn               (no ring)
MPRegen 0.11/turn               (no ring)
                                (no ring)
                                (no ring)

@: strong-willed, flying, regenerating
A: almost no armour, amphibious, 8 rings, camouflage 1, gelatinous body 1,
(nimble swimmer 1), tentacles
a: Renounce Religion, Berserk, Trog's Hand


You were on level 5 of the Dungeon.
You worshipped Trog.
Trog was most pleased with you.
You visited 1 branch of the dungeon, and saw 5 of its levels.

You collected 204 gold pieces.

Inventory:

Hand Weapons
 a - a +0 short sword (weapon)
 d - a +0 hunting sling
Missiles
 b - 6 poisoned darts
 c - 7 javelins
 g - 215 stones (quivered)
 t - 77 sling bullets
Jewellery
 i - a ring of fire
 l - a ring of flight (left tentacle)
Wands
 q - a wand of flame (26)
 s - a wand of mindburst (15)
Scrolls
 e - 3 scrolls of enchant armour
 f - a scroll of teleportation
 v - a scroll of fear {unknown}
Potions
 h - a potion of berserk rage {unknown}
 j - 2 potions of heal wounds {unknown}
 k - a potion of ambrosia {unknown}
 m - 2 potions of degeneration {unknown}
 n - a potion of invisibility {unknown}
 o - a potion of experience {unknown}
 p - 3 potions of flight
 r - a potion of attraction {unknown}
 u - a potion of mutation {unknown}


   Skills:
 - Level 3.0 Fighting
 * Level 9.6 Short Blades
 - Level 3.0 Dodging
 + Level 9.1 Stealth


You had 8 spell levels left.
You didn't know any spells.
Your spell library was empty.

Dungeon Overview and Level Annotations

Branches:
Dungeon (5/15)
 Temple: D:4-7

Altars:
Elyvilon

Shops:
D:1 [

Annotations:
D:5 Dowan, Duvessa


Innate Abilities, Weirdness & Mutations

You cannot wear most types of armour.
You are amphibious.
You can wear up to eight rings at the same time.
Your skin changes colour to match your surroundings (Stealth+).
Your rubbery body absorbs attacks. (AC +1, EV +1)
((You are camouflaged near water. (Stealth+)))
You have tentacles for arms and can constrict up to eight enemies at once.


Message History

v - a scroll labelled OTAIKKEPPE No target in view!
Duvessa, Sister of Dowan comes into view.
She is wielding a +1 short sword of speed.
Duvessa is nearby!
Dowan, Brother of Duvessa comes into view.
He is wielding a +0 dagger.
Duvessa shouts!
Dowan shouts!
Dowan drinks a potion.
Dowan seems to speed up.
Duvessa misses you.
Duvessa hits you with a +1 short sword of speed.
You hit Duvessa but do no damage. You grab Duvessa.
You constrict Duvessa, but do no damage.
Duvessa hits you with a +1 short sword of speed.
Dowan casts a spell at Duvessa.
Duvessa seems to speed up.
You hit Duvessa.
Duvessa is lightly wounded.
You constrict Duvessa. Duvessa barely misses you.
You hit Duvessa.
Duvessa is lightly wounded.
You constrict Duvessa, but do no damage.
Duvessa closely misses you.
Duvessa hits you with a +1 short sword of speed!
Dowan gestures wildly while chanting.
Dowan blinks!
You barely miss Duvessa. You squeeze Duvessa!
Duvessa is heavily wounded.
You constrict Duvessa.
Duvessa hits you with a +1 short sword of speed.
Your skin crawls.
You feel strong-willed.
You can no longer call in reinforcements.
You constrict Duvessa.
Duvessa hits you with a +1 short sword of speed.
Duvessa hits you with a +1 short sword of speed! x2
* * * LOW HITPOINT WARNING * * *
It was a potion of flight.
You feel more buoyant.
You constrict Duvessa.
Duvessa hits you with a +1 short sword of speed!
You die...

###### #....#########
#.#...........
###########.#.##########
#....§e@e.....#
#.#########..># # #...#
####### #...# #......
#...# #.#####
######...####.#
..............#
####....####### #.#..#


You could see Duvessa (fast) and Dowan (fast).

Vanquished Creatures
  Grinder (D:4)
  Prince Ribbit (D:5)
  Eustachio (D:5)
  A water moccasin (D:5)
  A necrophage (D:4)
  An ogre (D:4)
  Blork the orc (D:4)
  3 scorpions (D:4)
  A centaur zombie (D:5)
  3 hounds
  2 orc priests
  A jelly (D:4)
  A bullfrog skeleton (D:5)
  A centaur skeleton (D:5)
  Terence (D:2)
  Jessica (D:2)
  An iguana (D:4)
  Natasha (thrice) (D:4)
  3 orc wizards (D:3)
  A hound skeleton (D:5)
  Robin (D:2)
  2 adders
  2 worms (D:2)
  2 dart slugs
  10 orcs
  5 endoplasms
  4 giant cockroaches
  9 goblins
  12 hobgoblins
  4 jackals (D:3)
  A quokka (D:1)
  7 ball pythons
  9 bats
  8 frilled lizards
  7 kobolds
  9 rats
121 creatures vanquished.

Vanquished Creatures (others)
  5 fungi (D:2)
  5 plants (D:2)
10 creatures vanquished.

Grand Total: 131 creatures vanquished

Notes
Turn   | Place    | Note
-------+----------+-------------------------------------------
     0 | D:1      | Froggeryz the Octopode Berserker began the quest for the
                  | Orb.
     0 | D:1      | Reached XP level 1. HP: 16/16 MP: 1/1
   135 | D:1      | Reached skill level 1 in Stealth
   173 | D:1      | Found Gimanowi's Antique Armour Boutique.
   177 | D:1      | Reached XP level 2. HP: 19/21 MP: 2/2
   914 | D:1      | Reached ** piety under Trog
   915 | D:1      | Reached XP level 3. HP: 22/26 MP: 3/3
  1404 | D:2      | Noticed Robin
  1748 | D:2      | Killed Robin
  1902 | D:2      | Reached XP level 4. HP: 31/31 MP: 4/4
  2062 | D:2      | Noticed Jessica
  2066 | D:2      | Killed Jessica
  2069 | D:2      | Found a faded altar of an unknown god.
  2143 | D:2      | Noticed Terence
  2153 | D:2      | Killed Terence
  2154 | D:2      | Reached XP level 5. HP: 23/36 MP: 5/5
  3019 | D:3      | Reached skill level 5 in Short Blades
  3446 | D:3      | Reached *** piety under Trog
  3507 | D:3      | Reached XP level 6. HP: 35/42 MP: 6/6
  4448 | D:4      | Noticed Blork the orc
  4455 | D:4      | Killed Blork the orc
  4456 | D:4      | Reached skill level 5 in Stealth
  4607 | D:4      | Found a white marble altar of Elyvilon.
  4776 | D:4      | Reached XP level 7. HP: 46/46 MP: 7/7
  4843 | D:4      | Noticed Grinder
  4855 | D:4      | Killed Grinder
  4860 | D:4      | Reached XP level 8. HP: 26/52 MP: 8/8
  5293 | D:4      | Noticed Natasha
  5296 | D:4      | Killed Natasha
  5449 | D:4      | Noticed Natasha
  5456 | D:4      | Killed Natasha
  5563 | D:4      | Noticed Natasha
  5570 | D:4      | Killed Natasha
  5594 | D:5      | Entered Level 5 of the Dungeon
  5698 | D:5      | Noticed Eustachio
  5704 | D:5      | Killed Eustachio
  5704 | D:5      | Reached **** piety under Trog
  5855 | D:5      | Noticed Prince Ribbit
  5866 | D:5      | Killed Prince Ribbit
  5879 | D:5      | Reached XP level 9. HP: 47/56 MP: 9/9
  6135 | D:5      | Noticed Duvessa
  6137 | D:5      | Noticed Dowan
  6145 | D:5      | Slain by Duvessa

Illustrated notes

Levels and vault maps discovered:
D:1:      dpeg_arrival_rooms_b, layout_basic, serial_shops,
          nicolae_lakefront_shop
D:2:      wad_pebble_path, layout_loops_ring,
          shapermc_ecumenical_altar_mp_urbaneastern, uniq_jessica, uniq_robin,
          uniq_terence
D:3:      layout_basic
D:4:      layout_cave_pools, mainiacjoe_overflow_alcove_4, uniq_blork_the_orc,
          uniq_natasha, uniq_grinder
D:5:      layout_loops_ring, uniq_eustachio, uniq_prince_ribbit1, uniq_duvessa

Skill      XL: |  1  2  3  4  5  6  7  8 |
---------------+-------------------------+-----
Stealth        | 1 2 3 4 5 7 9 |  9.1
Short Blades   | 4 5 6 7 9 |  9.6
Fighting       | |  3.0
Dodging        | |  3.0

Action                   |  1- 3 |  4- 6 |  7- 9 || total
-------------------------+-------+-------+-------++-------
Melee: Short sword       |    75 |   117 |    75 ||   267
       Constrict         |    19 |    31 |    14 ||    64
       Tentacles         |    18 |    28 |    21 ||    67
 Fire: Hunting sling     |       |     4 |       ||     4
Invok: Berserk           |       |     2 |     1 ||     3
       Trog's Hand       |       |       |     2 ||     2
  Use: Scroll            |       |     6 |     2 ||     8
       Potion            |       |       |     1 ||     1
 Stab: Sleeping          |     4 |     8 |    11 ||    23
Armor: Skin              |     7 |     9 |     1 ||    17
Dodge: Dodged            |    39 |    49 |    31 ||   119

Table legend: (Time is in decaauts)
 A = Elapsed time spent in this place.
 B = Non-inter-level travel time spent in this place.
 C = Inter-level travel time spent in this place.
 D = Time resting spent in this place.
 E = Time spent auto-exploring this place.
 F = Levels seen in this place.
 G = Mean time per level.
                   A        B        C        D        E       F      G
               +--------+--------+--------+--------+--------+-----+--------+
         Total |   6135 |   5981 |    154 |   1325 |   3726 |   5 | 1227.0 |
       Dungeon |   6135 |   5981 |    154 |   1325 |   3726 |   5 | 1227.0 |
               +--------+--------+--------+--------+--------+-----+--------+

Top non-repeatable levels by time:
     D:1: 1732 daAuts
     D:2: 1588 daAuts
     D:3: 1187 daAuts
     D:4: 1083 daAuts
     D:5: 542 daAuts
